 Dungeon Crawl Stone Soup version 0.31-a0-145-g046c7d2549 (webtiles) character file.

Game seed: 5020339965616346782

182 Kenran the Slasher (level 5, 0/61 HPs)
             Began as a Human Berserker on June 4, 2023.
             Was a Believer of Trog.
             Slain by an ogre
             ... wielding a +0 giant spiked club
              (19 damage)
             ... on level 5 of the Dungeon.
             The game lasted 00:04:22 (3257 turns).

Kenran the Slasher (Human Berserker)                Turns: 3257, Time: 00:04:22

Health: 0/61       AC:  7    Str: 17    XL:     5   Next: 93%
Magic:  5/5        EV: 12    Int:  7    God:    Trog [**....]
Gold:   318        SH:  0    Dex: 15    Spells: 4/4 levels left

rFire   . . .        a - +0 falchion
rCold   . . .        (no shield)
rNeg    + . .        k - +2 leather armour {rN+}
rPois   .            m - +2 hat
rElec   .            (no cloak)
rCorr   +            (no gloves)
SInv    .            (no boots)
Will    .....        (no amulet) Stlth
                     i - ring of resist corrosion
HPRegen 0.30/turn    (no ring)
MPRegen 0.09/turn

%: no passive effects
@: berserking, very quick
A: no striking features
a: Renounce Religion, Berserk, Trog's Hand


You were on level 5 of the Dungeon.
You worshipped Trog.
Trog was pleased with you.
You visited 1 branch of the dungeon, and saw 5 of its levels.

You collected 318 gold pieces.

Inventory:

Hand Weapons
 a - a +0 falchion (weapon)
 p - the +5 dagger "Zuthrunu" {antimagic, rElec Str-4 Stlth+}
   (You found it on level 3 of the Dungeon)

   Str:       It affects your strength (-4).
   rElec:     It insulates you from electricity.
   Stlth:     It makes you more stealthy.
Armour
 k - a +2 leather armour of positive energy (worn)
 m - a +2 hat (worn)
Jewellery
 i - a ring of resist corrosion (left hand)
Scrolls
 b - a scroll of blinking
 c - a scroll of brand weapon
 d - a scroll of fog
 g - a scroll of vulnerability {unknown}
 h - 2 scrolls of teleportation
 j - a scroll of magic mapping {unknown}
 l - a scroll of enchant armour {unknown}
 o - a scroll of immolation {unknown}
 q - a scroll of enchant weapon {unknown}
Potions
 e - 2 potions of heal wounds {unknown}
 f - 5 potions of curing {unknown}
 n - a potion of berserk rage {unknown}
 r - a potion of resistance {unknown}
 s - a potion of lignification {unknown}


   Skills:
 - Level 3.0 Fighting
 + Level 6.1 Long Blades
 - Level 2.0 Armour
 - Level 2.0 Dodging


You had 4 spell levels left.
You didn't know any spells.
Your spell library was empty.

Dungeon Overview and Level Annotations

Branches:
Dungeon (5/15)
 Temple: D:4-7

Altars:


Message History

You feel yourself moving faster!
You feel mighty! The iguana bites you!
You closely miss the iguana.
The iguana is lightly wounded.
You hit the iguana but do no damage.
The iguana is lightly wounded.
An orc comes into view.
It is wielding a +0 hand axe and carrying a wand of roots (1).
The iguana barely misses you.
You slash the iguana!
The iguana is severely wounded.
The orc zaps a wand.
The roots erupt in riotous growth!
The iguana is unaffected.
The grasping roots grab you!
The now-empty wand crumbles to dust.
The grasping roots constrict you. The iguana barely misses you.
You hear a shout! x4; You hear an angry growl.
You barely miss the iguana.
The iguana is severely wounded.
You closely miss the iguana.
The iguana is severely wounded.
The grasping roots constrict you. The iguana bites you.
You slash the iguana!
You kill the iguana!
Trog accepts your kill. The grasping roots constrict you.
* * * LOW HITPOINT WARNING * * *
Your Long Blades skill increases to level 6!
You completely miss the orc.
The grasping roots release their grip on you.
You hit the orc.
You kill the orc!
Trog accepts your kill.
An ogre comes into view. It is wielding a +0 giant spiked club.
Things that are here:
a +0 hand axe; a dark potion; an orc corpse You slash the ogre!
The ogre is moderately wounded.
You barely miss the ogre.
The ogre is moderately wounded.
The ogre hits you with a +0 giant spiked club!!
You die...

.................#
####.##########..# #.#
#..#
####.###########.####.#.
........................
####.###########.####...
#.# #.# #<# #.# ### #@#
#O# ..# .#.# ..#.# .#
#.. ## #.. ##.


You could see an ogre.

Vanquished Creatures
  An iguana (D:5)
  7 gnolls
  2 worms (D:2)
  3 dart slugs
  An orc (D:5)
  8 endoplasms
  4 giant cockroaches
  5 goblins
  5 hobgoblins
  7 jackals (D:1)
  A quokka (D:3)
  4 ball pythons
  3 bats
  4 frilled lizards
  10 kobolds
  7 rats
72 creatures vanquished.

Notes
Turn   | Place    | Note
-------+----------+-------------------------------------------
     0 | D:1      | Kenran the Human Berserker began the quest for the Orb.
     0 | D:1      | Reached XP level 1. HP: 18/18 MP: 1/1
    55 | D:1      | Reached XP level 2. HP: 23/24 MP: 2/2
   314 | D:1      | Reached skill level 4 in Long Blades
   314 | D:1      | Reached XP level 3. HP: 26/29 MP: 3/3
  1043 | D:2      | Reached ** piety under Trog
  1185 | D:2      | Reached XP level 4. HP: 28/35 MP: 4/4
  1501 | D:2      | Reached skill level 5 in Long Blades
  1937 | D:3      | Identified the +5 dagger "Zuthrunu" {antimagic, rElec Str-4
                  | Stlth+}
  2051 | D:3      | Reached XP level 5. HP: 41/41 MP: 5/5
  3210 | D:5      | Entered Level 5 of the Dungeon
  3253 | D:5      | Reached skill level 6 in Long Blades
  3254 | D:5      | Noticed an ogre
  3257 | D:5      | Slain by an ogre

Illustrated notes

Levels and vault maps discovered:
D:1:      scummos_arrival_simple_crosswalls, layout_basic, minmay_hexomino_p4
D:2:      layout_rooms, minmay_worlds_worst_comb
D:3:      layout_rooms, feat_on_display
D:4:      layout_basic
D:5:      minmay_spotlight, layout_basic,
          chequers_temple_overflow_statue_of_worship, minmay_temple_entry_waves,
          grunt_ministairs_13, minmay_stone_trees_small, minmay_statues_item,
          dreamdust_princess_bridge

Skill      XL: |  1  2  3  4  5 |
---------------+----------------+-----
Long Blades    | 4 5 6 |  6.1
Fighting       | |  3.0
Armour         | |  2.0
Dodging        | |  2.0

Action                     |  1- 3 |  4- 6 || total
---------------------------+-------+-------++-------
  Melee: Falchion          |   141 |   122 ||   263
         Punch             |     1 |     5 ||     6
 Invoke: Berserk           |       |     1 ||     1
    Use: Scroll            |     3 |     1 ||     4
   Stab: Sleeping          |       |     1 ||     1
 Armour: Animal skin       |     2 |       ||     2
         Ring mail         |    46 |       ||    46
         Leather armour    |     3 |    28 ||    31
  Dodge: Dodged            |   103 |    79 ||   182

Table legend: (Time is in decaauts)
 A = Elapsed time spent in this place.
 B = Non-inter-level travel time spent in this place.
 C = Inter-level travel time spent in this place.
 D = Time resting spent in this place.
 E = Time spent auto-exploring this place.
 F = Levels seen in this place.
 G = Mean time per level.
                   A        B        C        D        E       F      G
               +--------+--------+--------+--------+--------+-----+--------+
         Total |   3274 |   3140 |    134 |    432 |   1973 |   5 |  654.8 |
       Dungeon |   3274 |   3140 |    134 |    432 |   1973 |   5 |  654.8 |
               +--------+--------+--------+--------+--------+-----+--------+

Top non-repeatable levels by time:
     D:1: 1135 daAuts
     D:4: 881 daAuts
     D:2: 625 daAuts
     D:3: 588 daAuts
     D:5: 43 daAuts
